 Dungeon Crawl Stone Soup version 0.16.1-2-g95b8d4c (webtiles) character file.

30 inmateoo the Grave Robber (level 3, -3/15 HPs)
             Began as a Felid Necromancer on Mar 25, 2015.
             Slain by Sigmund
             ... wielding a +0 scythe
              (14 damage)
             ... on level 2 of the Dungeon.
             The game lasted 00:02:30 (1622 turns).

inmateoo the Grave Robber (Felid Necromancer)       Turns: 1622, Time: 00:02:30

Health: -3/15      AC:  1    Str:  4    XL:     3   Next: 3%
Magic:  7/8        EV: 19    Int: 16    God:
Gold:   40         SH:  0    Dex: 20    Spells: 1 memorised, 5 levels left
                                        Lives:  0   Deaths: 0

rFire  . . .     SeeInvis +       - Unarmed
rCold  . . .     Clarity  .     (armour unavailable)
rNeg   . . .     SustAb   .     (shield unavailable)
rPois  .         Gourm    .     (helmet unavailable)
rElec  .         Spirit   .     (cloak unavailable)
rCorr  .         Warding  .     (gloves unavailable)
rMut   .         Stasis   .     (boots unavailable)
MR     .....                    (no amulet)
Stlth  +++.......               g - ring of invisibility
                                d - +3 ring of dexterity

@: very slightly contaminated, invisible (expiring), quick, not resistant to
hostile enchantments, fairly stealthy
A: paw claws, no armour, no weapons or thrown items, fangs 3, see invisible,
carnivore 3, speed 1, shaggy fur 1, slow metabolism 1, sharp paws
a: Turn Visible


You were on level 2 of the Dungeon.
You were very full.

You visited 1 branch of the dungeon, and saw 2 of its levels.

You collected 40 gold pieces.

Inventory:

Jewellery
 d - a +3 ring of dexterity (left paw)
 g - a ring of invisibility (right paw)
Magical devices
 l - a wand of enslavement (5)
Scrolls
 a - 2 scrolls of magic mapping
 e - a scroll of recharging {unknown}
 f - 2 scrolls of fog {unknown}
 h - a scroll of teleportation {unknown}
 i - a scroll of identify {unknown}
 m - a scroll of remove curse
Potions
 j - a potion of cancellation {unknown}
 k - a potion of heal wounds {unknown}
Books
 b - a book of Necromancy

   Spells                             Type                      Level
   a - Pain                           Necromancy                   1
   b - Animate Skeleton               Necromancy                   1
   c - Vampiric Draining              Necromancy                   3
   d - Regeneration                   Charms/Necromancy            3
   e - Animate Dead                   Necromancy                   4
   f - Control Undead                 Necromancy                   4
Comestibles
 c - 3 meat rations


   Skills:
 + Level 0.6 Fighting
 + Level 3.1 Dodging
 + Level 3.0 Stealth
 + Level 1.0 Unarmed Combat
 - Level 2.2 Spellcasting
 - Level 4.0 Necromancy
 * Level 1.3 Evocations


You had 5 spell levels left.
You knew the following spells:

 Your Spells              Type           Power        Failure   Level  Hunger
a - Pain                  Necr           ##..         4%          1    #......


Dungeon Overview and Level Annotations

Branches:
Dungeon (2/15)

Altars:

Annotations:
D:2 Sigmund


Innate Abilities, Weirdness & Mutations

You cannot wear armour.
You are incapable of wielding weapons or throwing items.
You have razor-sharp teeth.
You have supernaturally acute eyesight.
You are carnivorous and can eat meat at any time.
You cover ground quickly.
You are covered in fur (AC +1).
You have a slow metabolism.
Your paws have sharp claws that are effective at stabbing.


Message History

You barely miss Sigmund.
Sigmund is heavily wounded.
Sigmund is no longer bleeding.
You closely miss Sigmund.
Sigmund is heavily wounded.
Sigmund gestures at you while chanting. The puff of flame misses you.
You barely miss Sigmund.
Sigmund is heavily wounded.
Sigmund barely misses you.
You scratch Sigmund.
Sigmund begins to bleed from his wounds!
You bite Sigmund.
Sigmund is severely wounded.
You flicker for a moment.
You swing at nothing.
Found 11 gold pieces.
Sigmund hits you with a scythe!
Ouch! That really hurt!
You die...

##################
#>................
#.................
#.################
####.########
#...........#
#...........#
#..)........#
#...@.......#
#..@........#
#..........%
#...........
#########.$. .#


You could see Sigmund (bleeding).

Vanquished Creatures
  A worm (D:2)
  4 bats
  2 giant cockroaches (D:1)
  2 goblins (D:1)
  5 hobgoblins
  3 kobolds
  3 rats
20 creatures vanquished.

Notes
Turn   | Place    | Note
--------------------------------------------------------------
     0 | D:1      | inmateoo, the Felid Necromancer, began the quest for the Orb.
     0 | D:1      | Reached XP level 1. HP: 7/7 MP: 4/4
   453 | D:1      | Reached XP level 2. HP: 3/12 MP: 5/5
  1199 | D:2      | Reached skill level 1 in Evocations
  1396 | D:2      | Reached skill level 1 in Unarmed Combat
  1397 | D:2      | Reached XP level 3. HP: 5/15 MP: 4/8
  1597 | D:2      | Noticed Sigmund
  1622 | D:2      | Slain by Sigmund

Action                   || total
-------------------------++-------
Melee: Unarmed           ||    91
 Abil: Evoke Invisibilit ||     2
  Use: Scroll            ||     2
 Stab: Sleeping          ||     7
       Invisible         ||     2
  Eat: Chunk             ||     8
